Map: Nightshade LE

Players

Petrocules - Winner!

  • Race: Zerg Zerg
  • League: Platinum
  • Spawn Location: 5:00

Methyle

  • Race: Terran Terran
  • League: Platinum
  • Spawn Location: 11:00

VOD

Have the link to the VOD?

Description

Game#2 - Petrocules vs Methyle

Time

  • Played on: April 18, 2020, 6:56 a.m.
  • Length: 7:47
Show
View Real Time Build Order
Export as new Build Order

Petrocules Zerg - Winner!

Build Orders: Hatch First 

Get SALT Encoding   

  12  0:01  Drone  
  13  0:12  Overlord  
  13  0:16  Drone  
  14  0:31  Drone x2  
  16  0:50  Hatchery  
  16  0:56  Drone  
  16  0:59  Drone x2  
  18  1:15  Spawning Pool  
  18  1:18  Extractor  
  16  1:25  Drone x2  
  16  1:28  Drone  
  19  1:39  Overlord  
  19  2:03  Queen x2  
  19  2:04  Zergling x4  
  19  2:05  Zergling x2  
  26  2:12  Drone  
  26  2:13  Drone  
  28  2:18  Metabolic Boost  
  28  2:22  Drone  
  29  2:24  Drone  
  30  2:38  Spine Crawler  
  29  2:44  Spine Crawler x2  
  29  2:45  Zergling x2  
  29  2:49  Overlord  
  27  2:59  Spine Crawler  
  25  3:16  Zergling x12  
  30  3:33  Zergling x10  
  30  3:34  Zergling x2  
  33  3:41  Baneling Nest  
  32  3:49  Zergling x4  
  32  3:53  Zergling x2  
  35  4:18  Lair  
  35  4:21  Overlord x3  
  34  4:45  Drone x2  
  34  4:46  Drone x4  
  34  4:50  Baneling x5  
  34  4:52  Baneling  
  40  4:59  Drone x2  
  42  5:15  Overlord  
  42  5:22  Nydus Network  
  42  5:23  Drone x3  
  44  5:35  Baneling  
  44  5:36  Baneling x2  
  44  5:39  Drone x4, Extractor  
  44  5:40  Extractor  
  46  5:44  Zergling x2  
  47  5:51  Overlord  
  47  5:54  Overlord  
  47  6:10  Nydus Canal  
  47  6:14  Zergling x2  
  47  6:15  Zergling x8  
  52  6:27  Zergling x10  
  56  6:39  Zergling x4  
  54  6:44  Zergling x2  
  53  6:48  Zergling x2  
  54  6:55  Zergling x8  
  54  7:00  Zergling x2  
  57  7:04  Overseer  
  48  7:20  Hatchery  
  48  7:22  Zergling x2  
  48  7:23  Zergling x2  
  48  7:24  Zergling x4  
  48  7:27  Zergling x6  
  52  7:30  Zergling x2  
Show
View Real Time Build Order
Export as new Build Order

Methyle Terran 

Build Orders:  

Get SALT Encoding   

  12  0:01  SCV  
  13  0:13  SCV  
  14  0:17  Supply Depot  
  14  0:25  SCV  
  15  0:39  SCV  
  15  0:41  Barracks  
  16  0:56  Barracks  
  16  1:01  SCV  
  17  1:10  Barracks  
  17  1:14  SCV  
  18  1:27  Orbital Command  
  18  1:28  Marine  
  19  1:35  Supply Depot  
  19  1:43  Marine  
  19  1:46  Marine  
  21  1:54  SCV  
  21  2:01  Supply Depot  
  22  2:04  Marine  
  22  2:07  Barracks  
  23  2:08  Marine  
  23  2:10  Marine  
  23  2:15  SCV  
  26  2:22  Marine  
  27  2:26  Marine  
  27  2:28  Barracks  
  28  2:42  Marine x2  
  30  2:44  Marine  
  30  2:45  SCV  
  31  3:00  Marine x3  
  31  3:02  Marine  
  35  3:12  Bunker  
  35  3:18  Marine x3  
  35  3:19  Marine  
  39  3:20  Marine  
  38  3:35  Marine  
  38  3:37  Marine  
  38  3:39  Marine x2  
  38  3:40  Marine  
  39  3:45  Bunker  
  38  3:53  Marine  
  38  3:55  Marine, Bunker  
  39  3:57  Marine  
  39  4:00  Marine  
  39  4:17  Refinery  
  39  4:18  Supply Depot  
  39  4:22  Refinery  
  39  4:32  Bunker  
  39  4:38  Bunker  
  39  4:40  SCV, Marine x5  
  44  4:58  Supply Depot, Marine x3  
  44  4:59  Supply Depot  
  47  5:17  Supply Depot  
  47  5:19  Supply Depot, Marine x5  
  47  5:20  SCV  
  53  5:36  Factory  
  53  5:37  Marine x4  
  57  5:47  SCV, Supply Depot  
  58  5:54  Barracks Tech Lab  
  58  5:55  Marine x3  
  61  5:59  SCV  
  59  6:17  SCV  
  60  6:29  Barracks Tech Lab  
  25  6:55  Marine x5  
  30  7:12  Marine  
  30  7:13  Marine  
Tags
 
Add a new tag
Caveats
  • Supply blocks, unpowered buildings, or Contaminate may cause inaccurate times.
  • Supply counts are checked every 10 seconds.